 Dungeon Crawl Stone Soup version 0.31-a0-175-g9f7f995f2b (webtiles) character file.

Game seed: 3467873504795976142

17000 qw the Marksgargoyle (level 12, -9/77 HPs)
             Began as a Gargoyle Hunter on June 16, 2023.
             Was a High Priest of Okawaru.
             Killed from afar by a steam dragon (17 damage)
             ... with a ball of steam
             ... on level 10 of the Dungeon.
             The game lasted 00:05:24 (10523 turns).

qw the Marksgargoyle (Gargoyle Hunter)             Turns: 10523, Time: 00:05:24

Health: -9/77      AC: 14    Str: 18    XL:     12   Next: 43%
Magic:  16/16      EV: 23    Int:  6    God:    Okawaru [*****.]
Gold:   467        SH:  0    Dex: 17    Spells: 11/11 levels left

rFire   . . .        Y - +2 orcbow
rCold   . . .        (shield currently unavailable)
rNeg    + . .        q - +0 robe "Foyl Day" {+Inv Will++ Str+3 Int-5}
rPois   inf          (no helmet)
rElec   +            j - +2 cloak
rCorr   .            (no gloves)
SInv    +            (no boots)
Will    ++...        f - amulet of faith
Stlth   +++          n - ring of see invisible
HPRegen 0.32/turn    k - +5 ring of evasion
MPRegen 0.15/turn

%: faith
@: heroic
A: sickness immunity, AC +8, negative energy resistance 1, electricity
resistance, torment resistance 1, petrification resistance
a: Renounce Religion, Evoke Invisibility, Heroism, Finesse, Duel


You were on level 10 of the Dungeon.
You worshipped Okawaru.
Okawaru was extremely pleased with you.
You visited 2 branches of the dungeon, and saw 11 of its levels.

You collected 906 gold pieces.
You spent 439 gold pieces at shops.


Innate Abilities, Weirdness & Mutations

You are immune to sickness and miasma.
Your stone body is resilient. (AC +8)
You are immune to poison.
You resist negative energy. (rN+)
You are resistant to electric shocks. (rElec)
You are resistant to unholy torment.
You are immune to petrification.


   Skills:
 + Level 10.0(15.0) Fighting
 - Level 16.0(21.0) Ranged Weapons
 - Level 2.0(7.0) Armour
 - Level 5.0(10.0) Dodging
 - Level 1.1(6.1) Stealth
 + Level 6.6 Invocations


You had 11 spell levels left.
You didn't know any spells.
Your spell library was empty.

Inventory:

Hand Weapons
 Y - a +2 orcbow (weapon)
Armour
 e - +0 steam dragon scales
 j - a +2 cloak (worn)
 m - a +2 robe of cold resistance
 q - the +0 robe "Foyl Day" (worn) {+Inv Will++ Str+3 Int-5}
   (You found it on level 10 of the Dungeon)

   Str:       It affects your strength (+3).
   Int:       It affects your intelligence (-5).
   +Inv:      It lets you turn invisible.
   Will:      It greatly increases your willpower.
 t - a +2 ring mail of cold resistance
Jewellery
 d - a ring of resist corrosion
 f - an amulet of faith (around neck)
 g - a ring of fire
 i - a ring of resist corrosion
 k - a +5 ring of evasion (right hand)
 l - an amulet of regeneration
 n - a ring of see invisible (left hand)
Scrolls
 a - 3 scrolls of identify
 p - 3 scrolls of enchant armour
Potions
 b - 2 potions of mutation
 h - a potion of lignification
 o - 2 potions of curing
 r - 3 potions of attraction
 s - 2 potions of might
 u - 2 potions of haste

Dungeon Overview and Level Annotations

Branches:
Dungeon (10/15)            Temple (1/1) D:5
   Lair: D:8-11         Orc: D:9-12

Altars:
Ashenzari
Cheibriados
Dithmenos
Elyvilon
Fedhas
Gozag
Hepliaklqana
Kikubaaqudgha
Makhleb
Nemelex Xobeh
Okawaru
Qazlal
Ru
Sif Muna
Trog
Uskayaw
Vehumet
Wu Jian
Xom
Yredelemnul
Zin
The Shining One

Shops:
D:7 !**

Annotations:
D:4 1 runed translucent door


Message History

The arrow hits the centaur warrior but does no damage.
The centaur warrior is lightly wounded.
You are no longer corroded.
The centaur warrior shoots an arrow.
The arrow hits you!
You shoot an arrow. The arrow hits the centaur warrior.
The centaur warrior is lightly wounded.
The centaur warrior shoots an arrow.
The arrow hits you!
You shoot an arrow. The arrow hits the centaur warrior!
The centaur warrior is moderately wounded.
The centaur warrior shoots an arrow.
The arrow completely misses you.
You shoot an arrow. The arrow hits the centaur warrior!
The centaur warrior is heavily wounded.
You shoot an arrow. The arrow hits the centaur warrior.
The centaur warrior is severely wounded.
The centaur warrior unwields a +0 orcbow.
The centaur warrior misses you.
The centaur warrior completely misses you.
You shoot an arrow. The arrow hits the centaur warrior.
The centaur warrior is severely wounded.
The centaur warrior completely misses you. x2
You shoot an arrow.
The arrow closely misses the centaur warrior.
The centaur warrior barely misses you.
The centaur warrior kicks you but does no damage.
The steam dragon bites you.
The steam dragon claws you but does no damage.
You shoot an arrow. The arrow hits the centaur warrior!
The centaur warrior is almost dead.
The centaur warrior misses you.
The centaur warrior kicks you but does no damage.
The steam dragon barely misses you. The steam dragon completely misses you.
You shoot an arrow. The arrow hits the centaur warrior!
You kill the centaur warrior!
Okawaru accepts your kill.
Your base Ranged Weapons skill increases to level 16!
You shoot an arrow. The arrow hits the steam dragon!
The steam dragon is moderately wounded.
The steam dragon breathes steam at you. The ball of steam hits you!
You die...

# #.#..#.#.#.#. # #...#### #
#.#.# # #....# ..#.# ####.#.##
#.#.## ......%.# ..... ####...##
##[..# ## # ###..+ ..#.# . #
#)#########9D.# .# ####
#..#.#.#.#.@##### #####.#
...###....[.........~## ##~~~~.#
##..##.###........~~~~~###~~~~~~~
##.##.# #......~~~~~~~~~~~~~~~~~
#.##.###.~~.~~~~~~~~~~~~~~~~~~~
#.##~~~~~~~~~~###~#~~~~~~~~~~~~
###~~~~~~~~~~~~## ##~~~~~~~~~~~~
##~~~~~~~~~##~## ###~~~~....~~
~#~~~~#~~~###~# #~~~.......


You could see a steam dragon (catching breath) and a gargoyle.

Vanquished Creatures
  2 centaur warriors
  A boulder beetle (D:9)
  Erica (D:8)
  A two-headed ogre (D:8)
  Pikel (D:8)
  Joseph (D:8)
  2 unseen horrors
  A hornet (D:9)
  Sigmund (D:4)
  A vampire (D:10)
  2 shadows (D:10)
  9 yaks
  A wyvern (D:10)
  3 wraiths
  3 steam dragons
  An acid dragon (D:10)
  2 water moccasins
  2 orc warriors
  3 ice beasts (D:7)
  An ogre (D:5)
  A black bear (D:6)
  2 sky beasts (D:8)
  6 centaurs
  2 lemures (D:8)
  3 kobold brigands
  4 bullfrogs
  2 scorpions
  2 gnoll sergeants (D:8)
  5 wights (D:9)
  5 killer bees
  2 electric eels (D:10)
  3 jellies
  2 howler monkeys
  3 orc priests
  2 gnoll boudas
  4 hounds
  5 iguanas
  11 orc wizards
  34 gnolls
  8 adders
  2 white imps
  2 ufetubi (D:6)
  2 dart slugs
  27 orcs
  6 ball pythons
  7 endoplasms
  3 giant cockroaches
  8 goblins
  7 hobgoblins
  3 quokkas
  5 bats
  3 frilled lizards
  51 kobolds
  A kobold zombie (D:4)
  3 rats
275 creatures vanquished.

Vanquished Creatures (others)
  An adder (D:6)
1 creature vanquished.

Grand Total: 276 creatures vanquished

Notes
Turn   | Place    | Note
-------+----------+-------------------------------------------
     0 | D:1      | qw the Gargoyle Hunter began the quest for the Orb.
     0 | D:1      | Reached XP level 1. HP: 12/12 MP: 1/1
     0 | D:1      | 0 ||| qw: Version: 0.2-a-29-g511e9b1
     0 | D:1      | 0 ||| qw: Game counter: 5724
     0 | D:1      | 0 ||| qw: Always use a shield: true
     0 | D:1      | 0 ||| qw: God list: Okawaru
     0 | D:1      | 0 ||| qw: Allow faded altars: false
     0 | D:1      | 0 ||| qw: Do Orc after D:15 true
     0 | D:1      | 0 ||| qw: Do second Lair branch before Depths: true
     0 | D:1      | 0 ||| qw: Lair rune preference: random
     0 | D:1      | 0 ||| qw: Plans: Normal, Zot:1-4, Slime:5, God:TSO, Crypt,
                  | Tomb, Abyss, Pan, Hells, Win
     0 | D:1      | 0 ||| PLANNING D:1-11
   127 | D:1      | Reached XP level 2. HP: 17/17 MP: 2/2
   661 | D:1      | 661 ||| UPGRADING to +0 ring mail.
   671 | D:1      | 671 ||| DROPPING +0 leather armour.
   672 | D:1      | 672 ||| UPGRADING to +0 cloak.
   677 | D:1      | 677 ||| UPGRADING to amulet of faith.
   682 | D:1      | 682 ||| UPGRADING to ring of resist corrosion.
   683 | D:1      | 683 ||| READING scroll labelled FAUNINOCODI.
   684 | D:1      | 684 ||| READING scroll labelled HEEN DOTOHUI.
   689 | D:1      | 689 ||| DROPPING scroll of butterflies.
   718 | D:2      | 718 ||| STAIRDANCE
   731 | D:1      | Reached skill level 1 in Armour
   731 | D:1      | Reached XP level 3. HP: 20/21 MP: 3/3
   863 | D:2      | Reached skill level 5 in Ranged Weapons
  1389 | D:2      | 1389 ||| READING scroll labelled EBIPLE KAAX.
  1415 | D:3      | 1415 ||| Stepping ~*~*~tactically~*~*~ (outnumbered).
  1421 | D:3      | Reached XP level 4. HP: 27/27 MP: 4/4
  1527 | D:3      | Reached skill level 3 in Fighting
  1578 | D:3      | Reached XP level 5. HP: 18/32 MP: 5/5
  2182 | D:3      | Reached skill level 6 in Ranged Weapons
  2370 | D:3      | 2370 ||| FLEEEEING.
  2371 | D:3      | 2371 ||| FLEEEEING.
  2442 | D:3      | 2442 ||| Stepping ~*~*~tactically~*~*~ (outnumbered).
  2458 | D:3      | Reached XP level 6. HP: 37/38 MP: 6/6
  2465 | D:3      | 2465 ||| FLEEEEING.
  2466 | D:3      | 2466 ||| FLEEEEING.
  2467 | D:3      | 2467 ||| FLEEEEING.
  2468 | D:3      | 2468 ||| FLEEEEING.
  2469 | D:3      | 2469 ||| FLEEEEING.
  2728 | D:3      | HP: 9/38 [kobold/+0 club (3)]
  2729 | D:3      | 2729 ||| READING scroll of teleportation.
  3092 | D:3      | 3092 ||| UPGRADING to +5 ring of evasion.
  3093 | D:3      | 3093 ||| READING scroll labelled ROHYUNUAMI.
  3094 | D:3      | 3094 ||| READING scroll labelled JOFORYOLEU.
  3135 | D:4      | Found a white marble altar of Elyvilon.
  3147 | D:4      | Found a sparkling altar of Nemelex Xobeh.
  3148 | D:4      | Found an ancient bone altar of Kikubaaqudgha.
  3149 | D:4      | Found a glowing golden altar of the Shining One.
  3217 | D:4      | Noticed Sigmund
  3232 | D:4      | Reached skill level 7 in Ranged Weapons
  3249 | D:4      | Killed Sigmund
  3250 | D:4      | Reached XP level 7. HP: 22/43 MP: 7/7
  3371 | D:4      | Found a runed translucent door.
  3375 | D:4      | Found a basalt altar of Yredelemnul.
  3375 | D:4      | Noticed a human
  3467 | D:4      | 3467 ||| UPGRADING to +2 robe of cold resistance.
  3477 | D:4      | 3477 ||| DROPPING +0 ring mail.
  3478 | D:4      | 3478 ||| UPGRADING to ring of see invisible.
  3480 | D:4      | 3480 ||| READING scroll labelled TEHAEL UNTUSOU.
  3525 | D:4      | 3525 ||| FLEEEEING.
  3526 | D:4      | 3526 ||| FLEEEEING.
  3531 | D:4      | 3531 ||| STAIRDANCE
  3719 | D:4      | 3719 ||| READING 2 scrolls of identify.
  3719 | D:4      | 3719 ||| IDENTIFYING glowing amethyst potion
  3727 | D:5      | Entered Level 5 of the Dungeon
  3744 | D:5      | 3744 ||| FLEEEEING.
  3745 | D:5      | 3745 ||| FLEEEEING.
  3746 | D:5      | 3746 ||| FLEEEEING.
  3747 | D:5      | 3747 ||| STAIRDANCE
  3751 | D:5      | 3751 ||| STAIRDANCE
  3765 | D:5      | 3765 ||| STAIRDANCE
  3767 | D:5      | 3767 ||| STAIRDANCE
  3780 | D:5      | 3780 ||| STAIRDANCE
  3800 | D:5      | 3800 ||| STAIRDANCE
  3910 | D:5      | 3910 ||| STAIRDANCE
  3914 | D:5      | 3914 ||| STAIRDANCE
  3918 | D:5      | 3918 ||| STAIRDANCE
  3922 | D:5      | 3922 ||| STAIRDANCE
  3926 | D:5      | 3926 ||| STAIRDANCE
  3930 | D:5      | 3930 ||| STAIRDANCE
  3934 | D:5      | 3934 ||| STAIRDANCE
  3938 | D:5      | 3938 ||| STAIRDANCE
  3942 | D:5      | 3942 ||| STAIRDANCE
  3946 | D:5      | 3946 ||| STAIRDANCE
  3950 | D:5      | 3950 ||| STAIRDANCE
  3954 | D:5      | 3954 ||| STAIRDANCE
  3962 | D:4      | Reached skill level 8 in Ranged Weapons
  4031 | D:5      | 4031 ||| STAIRDANCE
  4035 | D:5      | 4035 ||| STAIRDANCE
  4108 | D:4      | Identified the staff of cold "Elikyug" {rC+ Int+5}
  4188 | D:4      | 4188 ||| READING 2 scrolls of identify.
  4188 | D:4      | 4188 ||| IDENTIFYING lumpy puce potion
  4228 | D:5      | Found a staircase to the Ecumenical Temple.
  4229 | D:5      | 4229 ||| PLANNING TEMPLE
  4236 | Temple   | Entered the Ecumenical Temple
  4348 | Temple   | 4348 ||| PLANNING OKAWARU WORSHIP
  4435 | Temple   | Became a worshipper of Warmaster Okawaru
  4436 | Temple   | 4436 ||| PLANNING D:1-11
  4584 | D:5      | Reached XP level 8. HP: 49/49 MP: 8/8
  5060 | D:5      | Reached skill level 9 in Ranged Weapons
  5175 | D:5      | You fall into a shaft and drop 1 floor!
  5216 | D:6      | Reached * piety under Okawaru
  5248 | D:6      | Reached skill level 6 in Fighting
  5248 | D:6      | Reached skill level 1 in Invocations
  5268 | D:6      | 5268 ||| INVOKING Heroism.
  5317 | D:6      | 5317 ||| READING scroll labelled NIT HEVESULY.
  5318 | D:6      | 5318 ||| READING 2 scrolls of identify.
  5318 | D:6      | 5318 ||| IDENTIFYING ruby potion
  5592 | D:6      | 5592 ||| INVOKING Heroism.
  5608 | D:6      | Reached skill level 3 in Invocations
  5816 | D:6      | Reached XP level 9. HP: 53/55 MP: 11/11
  5824 | D:6      | 5824 ||| READING 3 scrolls of enchant armour.
  5824 | D:6      | 5824 ||| ENCHANTING +0 cloak.
  5825 | D:6      | 5825 ||| READING 2 scrolls of enchant armour.
  5825 | D:6      | 5825 ||| ENCHANTING +1 cloak.
  5940 | D:6      | 5940 ||| INVOKING Heroism.
  6070 | D:6      | Found an opulent altar of Gozag.
  6141 | D:6      | 6141 ||| INVOKING Heroism.
  6150 | D:6      | Reached skill level 10 in Ranged Weapons
  6294 | D:7      | 6294 ||| INVOKING Heroism.
  6329 | D:7      | 6329 ||| UPGRADING to +0 orcbow.
  6330 | D:7      | 6330 ||| DROPPING +0 shortbow.
  6400 | D:7      | Reached skill level 3 in Dodging
  6500 | D:7      | 6500 ||| INVOKING Heroism.
  6583 | D:7      | Found Juikhum's Specific Store.
  6589 | D:7      | Found Meddots's General Store.
  6597 | D:7      | 6597 ||| BUYING potion of heal wounds (65 gold).
  6597 | D:7      | Bought a potion of heal wounds for 65 gold pieces
  6597 | D:7      | 6597 ||| BUYING scroll of enchant armour (97 gold).
  6597 | D:7      | Bought a scroll of enchant armour for 97 gold pieces
  6597 | D:7      | 6597 ||| BUYING scroll of enchant weapon (97 gold).
  6597 | D:7      | Bought a scroll of enchant weapon for 97 gold pieces
  6597 | D:7      | 6597 ||| BUYING scroll of identify (26 gold).
  6597 | D:7      | Bought a scroll of identify for 26 gold pieces
  6597 | D:7      | 6597 ||| READING scroll of enchant weapon.
  6597 | D:7      | 6597 ||| ENCHANTING +0 orcbow.
  6630 | D:7      | Found Fitoacw's Distillery.
  6641 | D:7      | Reached ** piety under Okawaru
  6649 | D:7      | 6649 ||| BUYING potion of attraction (42 gold).
  6649 | D:7      | Bought a potion of attraction for 42 gold pieces
  6649 | D:7      | 6649 ||| BUYING potion of might (56 gold).
  6649 | D:7      | Bought a potion of might for 56 gold pieces
  6649 | D:7      | 6649 ||| BUYING potion of might (56 gold).
  6649 | D:7      | Bought a potion of might for 56 gold pieces
  6649 | D:7      | 6649 ||| SHOPLISTING potion of mutation (112 gold, have
                  | 108).
  6649 | D:7      | 6649 ||| SHOPLISTING potion of resistance (140 gold, have
                  | 108).
  7257 | D:7      | 7257 ||| READING scroll labelled HIHUTROWUA.
  7258 | D:7      | 7258 ||| READING scroll labelled CAIMAIDARE.
  7259 | D:7      | 7259 ||| READING 6 scrolls of identify.
  7259 | D:7      | 7259 ||| IDENTIFYING orange potion
  7313 | D:8      | 7313 ||| STAIRDANCE
  7315 | D:8      | 7315 ||| STAIRDANCE
  7317 | D:7      | 7317 ||| DRINKING 2 potions of curing.
  7317 | D:7      | 7317 ||| (to cure confusion)
  7386 | D:8      | Noticed Joseph
  7391 | D:8      | 7391 ||| INVOKING Heroism.
  7394 | D:8      | 7394 ||| Stepping ~*~*~tactically~*~*~ (outnumbered).
  7408 | D:8      | 7408 ||| Stepping ~*~*~tactically~*~*~ (outnumbered).
  7412 | D:8      | Reached skill level 11 in Ranged Weapons
  7427 | D:8      | Killed Joseph
  7448 | D:8      | 7448 ||| INVOKING Heroism.
  7496 | D:8      | Noticed Erica
  7497 | D:8      | 7497 ||| INVOKING Heroism.
  7513 | D:8      | Killed Erica
  7514 | D:8      | Reached XP level 10. HP: 63/64 MP: 11/13
  7708 | D:8      | 7708 ||| Stepping ~*~*~tactically~*~*~ (outnumbered).
  7726 | D:8      | Reached skill level 12 in Ranged Weapons
  7758 | D:8      | Noticed a two-headed ogre
  7759 | D:8      | 7759 ||| INVOKING Heroism.
  7771 | D:8      | Killed a two-headed ogre
  7771 | D:8      | Reached *** piety under Okawaru
  7964 | D:8      | Noticed an unseen horror
  7972 | D:8      | 7972 ||| INVOKING Heroism.
  7976 | D:8      | Killed an unseen horror
  8009 | D:8      | 8009 ||| INVOKING Heroism.
  8053 | D:8      | Noticed Pikel
  8064 | D:8      | Killed Pikel
  8135 | D:8      | 8135 ||| Stepping ~*~*~tactically~*~*~ (outnumbered).
  8137 | D:8      | 8137 ||| Stepping ~*~*~tactically~*~*~ (outnumbered).
  8139 | D:8      | 8139 ||| Stepping ~*~*~tactically~*~*~ (outnumbered).
  8423 | D:8      | 8423 ||| READING 6 scrolls of identify.
  8423 | D:8      | 8423 ||| IDENTIFYING grey potion
  8424 | D:8      | 8424 ||| READING 5 scrolls of identify.
  8424 | D:8      | 8424 ||| IDENTIFYING purple potion
  8425 | D:8      | 8425 ||| DRINKING potion of experience.
  8425 | D:8      | Reached skill level 15 in Ranged Weapons
  8425 | D:8      | Reached XP level 11. HP: 68/68 MP: 14/14
  8426 | D:8      | 8426 ||| DROPPING potion of degeneration.
  8455 | D:9      | 8455 ||| STAIRDANCE
  8467 | D:8      | 8467 ||| INVOKING Heroism.
  8540 | D:9      | Identified the +9 hand axe of Discord {venom, Will+}
  8602 | D:9      | 8602 ||| READING scroll of enchant weapon.
  8602 | D:9      | 8602 ||| ENCHANTING +1 orcbow.
  8612 | D:9      | 8612 ||| INVOKING Heroism.
  8614 | D:9      | 8614 ||| DRINKING potion of curing.
  8614 | D:9      | 8614 ||| (to cure confusion)
  8762 | D:9      | Reached skill level 9 in Fighting
  8770 | D:9      | Noticed a centaur warrior
  8782 | D:9      | Killed a centaur warrior
  8782 | D:9      | Reached **** piety under Okawaru
  8854 | D:9      | Noticed a boulder beetle
  8856 | D:9      | 8856 ||| INVOKING Heroism.
  8877 | D:9      | Killed a boulder beetle
  8878 | D:9      | Reached XP level 12. HP: 39/77 MP: 15/15
  9310 | D:9      | 9310 ||| INVOKING Heroism.
  9318 | D:9      | HP: 17/77 [wight/+3 spear (3)]
  9319 | D:9      | 9319 ||| READING scroll of teleportation.
  9320 | D:9      | 9320 ||| DRINKING 2 potions of heal wounds.
  9418 | D:9      | 9418 ||| INVOKING Heroism.
  9421 | D:9      | 9421 ||| Stepping ~*~*~tactically~*~*~ (cloud).
  9693 | D:9      | 9693 ||| READING scroll labelled GEQIT BALEE.
  9694 | D:9      | 9694 ||| DRINKING 2 smoky grey potions.
  9695 | D:9      | 9695 ||| DRINKING potion of curing.
  9695 | D:9      | 9695 ||| (to cure confusion)
  9696 | D:9      | 9696 ||| READING 5 scrolls of identify.
  9696 | D:9      | 9696 ||| IDENTIFYING murky pink potion
  9697 | D:9      | 9697 ||| READING 4 scrolls of identify.
  9697 | D:9      | 9697 ||| IDENTIFYING smoky cyan potion
  9698 | D:9      | 9698 ||| DROPPING potion of ambrosia.
  9699 | D:9      | 9699 ||| DROPPING potion of invisibility.
  9700 | D:9      | 9700 ||| DROPPING potion of brilliance.
  9713 | D:10     | Entered Level 10 of the Dungeon
 10002 | D:10     | Identified the +0 robe "Foyl Day" {+Inv Will++ Str+3 Int-5}
 10317 | D:10     | 10317 ||| UPGRADING to +0 robe "Foyl Day" {+Inv Will++
                  | Str+3 Int-5}.
 10327 | D:10     | 10327 ||| READING 4 scrolls of identify.
 10327 | D:10     | 10327 ||| IDENTIFYING lumpy emerald potion
 10424 | D:10     | Reached skill level 6 in Invocations
 10467 | D:10     | Reached ***** piety under Okawaru
 10503 | D:10     | Noticed a centaur warrior
 10506 | D:10     | 10506 ||| INVOKING Heroism.
 10512 | D:10     | HP: 8/77 [centaur warrior/arrow (23)]
 10513 | D:10     | 10513 ||| DRINKING potion of heal wounds.
 10520 | D:10     | HP: 7/77 [steam dragon (6)]
 10522 | D:10     | Killed a centaur warrior
 10523 | D:10     | Reached skill level 16 in Ranged Weapons
 10523 | D:10     | Killed from afar by a steam dragon

Levels and vault maps discovered:
D:1:      erik_arrival_cave_to_civilisation [erik_arrival_cave_to_hall],
          layout_basic
D:2:      layout_loops_cross
D:3:      minmay_goblin_kobold_castle, layout_loops_corners
D:4:      layout_basic, dk_yredelemnul_ordeal, mainiacjoe_overflow_alcove_3,
          uniq_sigmund
D:5:      layout_basic, minmay_temple_entry_slanted
D:6:      layout_basic, nicolae_gozag_cash_rules_everything_around_me
D:7:      layout_basic, serial_shops, nicolae_shop_getting_attention,
          eino_tiny_chamber, nicolae_specific_store
D:8:      layout_basic, grunt_ministairs_15, kennysheep_nub, uniq_erica,
          uniq_joseph, uniq_pikel
D:9:      minmay_opposing_rooms, layout_irregular_city, kennysheep_potato
D:10:     layout_basic, onia_ninara_cookie
Temple:   nicolae_temple_slightly_damp_pantheon

Skill      XL: |  1  2  3  4  5  6  7  8  9 10 11 12 |
---------------+-------------------------------------+-----
Armour         | 1 2 |  2.0
Ranged Weapons | 5 6 7 8 9 11 15 16 | 16.0
Fighting       | 3 4 5 6 8 10 | 10.0
Dodging        | 2 3 4 5 |  5.0
Invocations    | 3 4 6 |  6.6
Stealth        | |  1.1

Action                     |  1- 3 |  4- 6 |  7- 9 | 10-12 || total
---------------------------+-------+-------+-------+-------++-------
   Fire: Shortbow          |   113 |   323 |   298 |       ||   734
         Orcbow            |       |       |   191 |   456 ||   647
 Invoke: Heroism           |       |       |     9 |     9 ||    18
    Use: Scroll            |     3 |     3 |    11 |     8 ||    25
         Potion            |       |       |     1 |     6 ||     7
 Armour: Leather armour    |     6 |       |       |       ||     6
         Ring mail         |    27 |   145 |       |       ||   172
         Robe              |       |       |    86 |    54 ||   140
  Dodge: Dodged            |    35 |   161 |   218 |   199 ||   613

Table legend:
 A = Non-vault XP
 B = Vault XP
 C = Vault XP percentage of total XP
 D = Non-vault monster count
 E = Vault monster count
 F = Vault count percentage of total count
                 A         B        C        D         E       F
            +---------+---------+-------+---------+---------+-------
      Total |    8914 |    7538 |  45.8 |     190 |      84 |  30.7
            +---------+---------+-------+---------+---------+-------
        D:1 |      36 |       4 |  10.0 |      15 |       2 |  11.8
        D:2 |      38 |       0 |   0.0 |      16 |       0 |   0.0
        D:3 |     144 |     300 |  67.6 |      21 |      53 |  71.6
        D:4 |     270 |     240 |  47.1 |      15 |       2 |  11.8
        D:5 |     480 |       1 |   0.2 |      14 |       1 |   6.7
        D:6 |    1052 |       0 |   0.0 |      34 |       0 |   0.0
        D:7 |    1114 |      76 |   6.4 |      19 |       4 |  17.4
        D:8 |    2488 |    2066 |  45.4 |      27 |       4 |  12.9
        D:9 |    2127 |    3051 |  58.9 |      20 |      11 |  35.5
       D:10 |    1165 |    1800 |  60.7 |       9 |       7 |  43.8
            +---------+---------+-------+---------+---------+-------
